 Dungeon Crawl Stone Soup version 0.30-a0-1160-g6e42c06551 (webtiles) character file.

Game seed: 3641168740367124621

465 Jeffwins the Magician (level 7, -3/76 HPs)
             Began as a Human Wanderer on Apr 25, 2023.
             Slain by a killer bee (4 damage)
             ... on level 4 of the Dungeon.
             The game lasted 00:05:12 (3506 turns).

Jeffwins the Magician (Human Wanderer)              Turns: 3506, Time: 00:05:13

Health: -3/76      AC: 23    Str: 13 (14) XL:     7   Next: 29%
Magic:  3/11       EV:  2    Int: 14 (15) God:
Gold:   158        SH:  0    Dex:  9 (10) Spells: 8/12 levels left

rFire   + . .        p - +0 arbalest
rCold   x . .        (shield currently unavailable)
rNeg    . . .        d - melded +0 robe
rPois   +            (helmet currently unavailable)
rElec   .            (cloak currently unavailable)
rCorr   .            (gloves currently unavailable)
SInv    .            (boots currently unavailable)
Will    .....        (no amulet)
Stlth   ++           F - ring of fire
HPRegen 0.32/turn    (no ring)
MPRegen 0.12/turn

%: no passive effects
@: mighty, brilliant, tree-form (expiring), very slightly contaminated,
invisible
A: stationary, stasis, torment immunity, boosted hp
a: no special abilities


You were on level 4 of the Dungeon.
You were a tree.
You visited 1 branch of the dungeon, and saw 4 of its levels.

You collected 158 gold pieces.


   Skills:
 - Level 2.4 Fighting
 * Level 2.2 Ranged Weapons
 - Level 1.0 Throwing
 - Level 1.0 Armour
 - Level 1.0 Dodging
 + Level 1.9 Stealth
 * Level 3.0 Spellcasting
 * Level 2.9 Conjurations
 + Level 2.9 Translocations
 + Level 3.0 Fire Magic
 * Level 2.1 Earth Magic


You had 8 spell levels left.
You knew the following spells:

 Your Spells              Type           Power      Damage    Failure   Level
x - Stone Arrow           Conj/Erth      26%        3d8       22%         3
z - Foxfire               Conj/Fire      92%        2x1d8     6%          1

Your spell library contained the following spells:

 Spells                   Type           Power      Damage    Failure   Level
 Apportation              Tloc           30%        N/A       7%          1
 Sandblast                Erth           24%        2d8       9%          1
 Passwall                 Tmut/Erth      5%         N/A       21%         2
 Gell's Gravitas          Tloc           15%        N/A       21%         3
 Teleport Other           Tloc           15%        N/A       21%         3
 Inner Flame              Hex/Fire       14%        N/A       34%         3

Inventory:

Hand Weapons
 a - a +0 spear
 p - a +0 arbalest (weapon)
 r - a +0 whip of venom
Missiles
 b - 7 boomerangs
 h - 3 poisoned darts
Armour
 d - a +0 robe (melded)
Jewellery
 F - a ring of fire (left branch)
Scrolls
 c - a scroll of blinking
 e - a scroll of enchant weapon {unknown}
 g - 2 scrolls of identify {@r1}
 o - a scroll of poison {unknown}
 s - a scroll of brand weapon
Potions
 f - a potion of flight {unknown}
 i - 2 potions of might
 j - a potion of curing {@q1}

Dungeon Overview and Level Annotations

Branches:
Dungeon (4/15)
 Temple: D:4-7

Altars:

#####<........
#...#..####.##
#.#.#..####.##.
#..............
#...#..#######.
#.###..# . #......#
.(
######.###########..#
#..♣y.)........
###yy.†.)...####
#†#...).!.....
####.#.##......#
.........v........
#...#.#...........
#...#.##......~~~# ..
#.....#..~≈≈≈~ #..
#.##.....~≈.~~


You could see 3 killer bees.


Message History

The killer bee stings you but does no damage.
The killer bee stings you!
* * * LOW HITPOINT WARNING * * *
The killer bee stings you but does no damage. x2
Your Spellcasting skill increases to level 3!
Your Fire Magic skill increases to level 3!
Unknown command.
Casting: Stone Arrow (dangerous; 22% risk of failure)
Confirm with . or Enter, or press ? or * to list all spells.
Aiming: Stone Arrow (dangerous; 22% risk of failure)
Press: ? - help, Shift-Dir - straight line, f/p - killer bee
Aim: a killer bee (39% to hit)
You feel a surge of power!
The stone arrow misses the killer bee.
The killer bee stings you.
* * * LOW HITPOINT WARNING * * *
The killer bee stings you but does no damage. x2
The killer bee stings you!
* * * LOW HITPOINT WARNING * * *
The killer bee stings you.
* * * LOW HITPOINT WARNING * * *
The killer bee stings you but does no damage.
Unknown command.
Unknown command.
It was a potion of invisibility.
You fade into invisibility!
The killer bee stings you but does no damage.
The killer bee barely misses you.
The killer bee stings you but does no damage.
The killer bee stings you.
You die...

Skill      XL: |  1  2  3  4  5  6  7 |
---------------+----------------------+-----
Conjurations   | 1 2 |  2.9
Spellcasting   | 2 3 |  3.0
Stealth        | 1 |  1.9
Ranged Weapons | 1 2 |  2.2
Earth Magic    | 1 2 |  2.1
Fire Magic     | 3 |  3.0
Fighting       | |  2.4
Throwing       | |  1.0
Armour         | |  1.0
Dodging        | |  1.0
Translocations | |  2.9

Action                     |  1- 3 |  4- 6 |  7- 9 || total
---------------------------+-------+-------+-------++-------
  Melee: Dagger            |    10 |       |       ||    10
         Spear             |    77 |    19 |       ||    96
         Punch             |     1 |       |       ||     1
   Fire: Arbalest          |       |    39 |     4 ||    43
   Cast: Foxfire           |    25 |    61 |     2 ||    88
         Stone Arrow       |       |       |     2 ||     2
    Use: Potion            |       |       |     7 ||     7
         Scroll            |       |       |     3 ||     3
   Stab: Sleeping          |     1 |       |       ||     1
 Armour: Robe              |    20 |    17 |       ||    37
         Skin              |       |       |    69 ||    69
  Dodge: Dodged            |    46 |    75 |    12 ||   133

Levels and vault maps discovered:
D:1:      lightli_iron_boxes, layout_basic, minmay_stone_trees_medium
D:2:      layout_basic, nrook_uturn, minmay_tromino_v7
D:3:      layout_basic
D:4:      layout_basic, lemuel_crystal_altar, mainiacjoe_overflow_paths,
          kennysheep_slug_shrine, amcnicky_altar_gilded

Notes
Turn   | Place    | Note
-------+----------+-------------------------------------------
     0 | D:1      | Jeffwins the Human Wanderer began the quest for the Orb.
     0 | D:1      | Jeffwins set off with the following items: a +0 dagger, 7
                  | boomerangs, a scroll of blinking, a +0 robe; and the
                  | following spells available to memorise: Apportation,
                  | Foxfire, Gell's Gravitas, Teleport Other, Inner Flame.
     0 | D:1      | Reached XP level 1. HP: 16/16 MP: 2/2
     2 | D:1      | Learned a level 1 spell: Foxfire
   196 | D:1      | Reached XP level 2. HP: 20/22 MP: 0/3
   776 | D:1      | Reached skill level 1 in Conjurations
   776 | D:1      | Reached XP level 3. HP: 25/27 MP: 5/5
  1755 | D:2      | Reached XP level 4. HP: 34/34 MP: 1/6
  2058 | D:2      | Reached skill level 2 in Spellcasting
  2908 | D:3      | Reached skill level 1 in Stealth
  2914 | D:3      | Learned a level 3 spell: Stone Arrow
  2991 | D:3      | Reached XP level 5. HP: 39/39 MP: 3/8
  3302 | D:4      | Reached skill level 2 in Conjurations
  3356 | D:4      | Reached skill level 1 in Ranged Weapons
  3356 | D:4      | Reached skill level 1 in Earth Magic
  3425 | D:4      | Noticed an ogre
  3440 | D:4      | Killed an ogre
  3441 | D:4      | Reached XP level 6. HP: 26/46 MP: 0/9
  3476 | D:4      | Noticed an ogre
  3481 | D:4      | Killed an ogre
  3482 | D:4      | Reached skill level 2 in Ranged Weapons
  3482 | D:4      | Reached XP level 7. HP: 29/51 MP: 1/11
  3492 | D:4      | Reached skill level 2 in Earth Magic
  3498 | D:4      | HP: 7/76 [killer bee (4)]
  3505 | D:4      | Reached skill level 3 in Spellcasting
  3505 | D:4      | Reached skill level 3 in Fire Magic
  3505 | D:4      | HP: 2/76 [killer bee (7)]
  3506 | D:4      | Slain by a killer bee

Vanquished Creatures
  2 ogres (D:4)
  2 killer bees (D:4)
  2 hounds (D:4)
  A jelly (D:4)
  6 adders
  5 dart slugs
  An orc (D:3)
  3 bats
  4 endoplasms
  7 giant cockroaches
  3 goblins (D:2)
  3 hobgoblins (D:1)
  4 jackals
  3 quokkas
  3 ball pythons
  5 frilled lizards
  5 kobolds
  A rat (D:2)
60 creatures vanquished.

Vanquished Creatures (others)
  158 foxfires
158 creatures vanquished.

Grand Total: 218 creatures vanquished

Table legend: (Time is in decaauts)
 A = Elapsed time spent in this place.
 B = Non-inter-level travel time spent in this place.
 C = Inter-level travel time spent in this place.
 D = Time resting spent in this place.
 E = Time spent auto-exploring this place.
 F = Levels seen in this place.
 G = Mean time per level.
                   A        B        C        D        E       F      G
               +--------+--------+--------+--------+--------+-----+--------+
         Total |   3552 |   3402 |    150 |     58 |   2809 |   4 |  888.0 |
       Dungeon |   3552 |   3402 |    150 |     58 |   2809 |   4 |  888.0 |
               +--------+--------+--------+--------+--------+-----+--------+

Top non-repeatable levels by time:
     D:2: 1493 daAuts
     D:1: 1067 daAuts
     D:3: 729 daAuts
     D:4: 262 daAuts

Table legend:
 A = Non-vault XP
 B = Vault XP
 C = Vault XP percentage of total XP
 D = Non-vault monster count
 E = Vault monster count
 F = Vault count percentage of total count
                 A         B        C        D         E       F
            +---------+---------+-------+---------+---------+-------
      Total |     659 |       6 |   0.9 |      58 |       2 |   3.3
            +---------+---------+-------+---------+---------+-------
        D:1 |      33 |       0 |   0.0 |      18 |       0 |   0.0
        D:2 |      66 |       2 |   2.9 |      23 |       1 |   4.2
        D:3 |      50 |       0 |   0.0 |       8 |       0 |   0.0
        D:4 |     510 |       4 |   0.8 |       9 |       1 |  10.0
            +---------+---------+-------+---------+---------+-------
